Map: Alcyone LE

Players

Frankyboy

  • Race: Terran Terran
  • League: Platinum
  • Spawn Location: 7:00

SubN - Winner!

  • Race: Zerg Zerg
  • League: Diamond
  • Spawn Location: 1:00

VOD

Have the link to the VOD?

Description

Time

  • Played on: Dec. 27, 2023, 1:47 p.m.
  • Length: 11:50
Show
View Real Time Build Order
Export as new Build Order

Frankyboy Terran 

Build Orders:  

Get SALT Encoding   

  12  0:00  SCV  
  13  0:15  Supply Depot  
  13  0:18  SCV  
  14  0:38  Barracks  
  14  0:45  Barracks  
  14  0:52  Refinery  
  14  0:56  SCV  
  15  1:04  Refinery  
  15  1:08  SCV  
  16  1:20  SCV  
  17  1:32  SCV  
  18  1:35  Reaper  
  19  1:41  Reaper  
  19  1:44  SCV  
  21  1:49  Supply Depot  
  21  2:05  SCV  
  21  2:07  Reaper  
  23  2:13  Reaper  
  24  2:17  SCV  
  25  3:07  Marine x2  
  27  3:25  Command Center, Marine  
  28  3:30  Orbital Command  
  28  3:32  Factory  
  28  4:09  Marine  
  28  4:10  Marine  
  28  4:16  Supply Depot  
  27  4:27  Marine  
  27  4:28  Marine  
  26  4:32  Widow Mine  
  26  4:37  Orbital Command  
  26  4:38  SCV  
  28  4:45  Marine  
  28  4:48  Starport  
  28  4:50  SCV, Barracks Reactor  
  30  5:02  Factory Reactor, SCV  
  31  5:07  Barracks Reactor  
  31  5:08  Barracks Tech Lab  
  31  5:14  SCV  
  31  5:19  Command Center  
  32  5:21  Engineering Bay  
  32  5:26  SCV  
  32  5:27  Viking  
  35  5:30  SCV  
  35  5:33  Stimpack  
  36  5:38  Marine, SCV  
  38  5:43  Marine x2  
  38  5:45  Widow Mine  
  38  5:48  Engineering Bay  
  42  5:50  Terran Infantry Weapons Level 1  
  42  5:53  SCV x2  
  44  5:57  Marine  
  44  6:01  Starport Reactor, Marine x2  
  47  6:12  Widow Mine  
  47  6:15  Marine  
  47  6:18  Terran Infantry Armor Level 1  
  50  6:19  Marine  
  50  6:21  Armory  
  51  6:30  Marine  
  52  6:33  Orbital Command, Marine  
  52  6:37  Marine  
  54  7:01  Orbital Command, Marine x3  
  54  7:02  Medivac x2  
  61  7:08  Command Center  
  61  7:13  Combat Shield  
  61  7:15  Barracks  
  61  7:19  Marine  
  62  7:32  Marine, Medivac  
  65  7:44  SCV x3  
  65  7:47  Marine  
  69  8:04  Barracks  
  69  8:13  Marine x3  
  69  8:14  SCV, Widow Mine x2  
  69  8:16  Terran Infantry Weapons Level 2  
  69  8:19  Marine  
  77  8:20  SCV x2  
  77  8:22  Supply Depot  
  80  8:32  SCV  
  67  8:37  Marine x4  
  67  8:40  Liberator x2  
  76  8:59  Marauder, Marine x3  
  79  9:12  Widow Mine  
  79  9:13  Widow Mine  
  79  9:17  Marine x3  
  83  9:20  Marine  
  83  9:34  Marine  
  83  9:35  Marine x2  
  83  9:38  Marine  
  75  9:52  Marine x2  
  62  9:53  Marine  
  62  9:55  Marine  
  61  10:02  Liberator  
  61  10:10  Marine x2  
  62  10:14  Marine  
  54  10:26  Liberator  
  54  10:28  Marine, Widow Mine  
  58  10:34  Widow Mine  
  56  10:45  Barracks Reactor  
  56  10:46  Marine  
  56  10:49  Liberator  
  57  10:52  Barracks  
  57  10:53  Cyclone  
  57  10:55  Cyclone  
  64  11:04  Marine  
  57  11:22  Marine  
  58  11:28  Bunker  
Show
View Real Time Build Order
Export as new Build Order

SubN Zerg - Winner!

Build Orders: Hatch First 

Get SALT Encoding   

  12  0:00  Drone  
  13  0:14  Overlord  
  13  0:19  Drone  
  14  0:33  Drone x2  
  16  0:53  Hatchery  
  16  0:54  Drone  
  17  0:57  Drone  
  17  1:00  Drone  
  18  1:11  Extractor  
  18  1:16  Spawning Pool  
  16  1:20  Drone  
  16  1:22  Drone  
  18  1:32  Drone  
  19  1:41  Drone  
  20  2:04  Queen  
  20  2:05  Queen  
  20  2:07  Zergling x6  
  27  2:23  Hatchery  
  25  2:37  Zergling x4  
  25  2:39  Metabolic Boost  
  25  2:52  Zergling x6  
  28  3:02  Overlord  
  27  3:15  Queen  
  27  3:18  Zergling x2  
  27  3:19  Overlord  
  27  3:23  Spine Crawler  
  26  3:33  Zergling x4  
  26  3:43  Zergling x6  
  26  3:45  Drone x3  
  30  3:53  Queen  
  31  3:55  Zergling x2  
  32  4:02  Zergling x2  
  32  4:03  Zergling x2  
  32  4:07  Drone x2  
  30  4:33  Drone x2  
  30  4:35  Drone x6  
  30  4:36  Drone x3  
  41  4:45  Drone x2  
  41  4:46  Drone x2  
  45  4:56  Queen  
  47  5:14  Overlord x6  
  47  5:31  Queen  
  47  5:34  Drone x10  
  47  5:35  Extractor  
  58  5:41  Drone  
  59  5:44  Extractor  
  58  5:50  Drone  
  58  5:51  Drone x3  
  62  5:57  Drone x3  
  62  5:59  Drone x3, Roach Warren  
  62  6:00  Drone  
  68  6:05  Extractor  
  68  6:08  Drone x2  
  68  6:09  Drone  
  70  6:14  Drone  
  70  6:17  Drone, Baneling Nest  
  71  6:23  Drone x3, Evolution Chamber  
  73  6:26  Drone x3, Evolution Chamber  
  73  6:29  Extractor  
  73  6:31  Extractor  
  73  6:45  Drone  
  74  6:52  Drone x2  
  76  7:03  Zerg Ground Armor Level 1, Zerg Missile Weapons Level 1  
  76  7:06  Lair  
  76  7:10  Drone  
  76  7:15  Roach  
  79  7:16  Roach  
  79  7:18  Overlord x7  
  81  7:30  Overlord  
  81  7:32  Hatchery  
  81  7:33  Overlord  
  81  7:35  Queen x2  
  81  7:36  Drone x3  
  87  7:39  Roach  
  87  7:40  Roach x10  
  109  7:55  Overlord x3  
  109  8:04  Roach  
  109  8:05  Roach x7  
  123  8:07  Baneling  
  123  8:08  Baneling x6  
  123  8:11  Centrifugal Hooks, Glial Reconstitution, Pneumatized Carapace  
  114  8:34  Roach  
  114  8:35  Roach x11  
  114  8:38  Overseer  
  114  8:40  Overseer  
  114  8:41  Overseer x2  
  138  8:48  Ravager  
  138  8:49  Ravager x2  
  138  8:53  Drone x11  
  138  8:54  Queen  
  154  9:08  Ravager  
  154  9:09  Ravager x3  
  158  9:11  Zergling x14  
  165  9:20  Extractor x2  
  143  10:03  Overlord x2  
  143  10:04  Overlord x3  
  143  10:06  Drone  
  132  10:23  Roach x9  
  132  10:24  Roach x7  
  164  10:35  Drone x2  
  166  10:42  Ravager  
  159  10:43  Ravager x9  
  159  10:44  Overseer  
  159  10:46  Overseer  
  169  10:50  Zergling x20  
  178  11:01  Overlord  
  178  11:02  Overlord  
  178  11:03  Overlord  
  162  11:19  Zergling x26  
  162  11:22  Baneling  
  162  11:23  Baneling x19  
Tags
 
Add a new tag
Caveats
  • Supply blocks, unpowered buildings, or Contaminate may cause inaccurate times.
  • Supply counts are checked every 10 seconds.